 Dungeon Crawl Stone Soup version 0.31-a0-859-g9dce7d3444 (webtiles) character file.

Game seed: 12838776057862246006

1808 Darius099 the Cleaver (level 8, -5/66 HPs)
             Began as a Minotaur Fighter on Oct 10, 2023.
             Slain by a killer bee (6 damage)
             ... on level 7 of the Dungeon.
             The game lasted 00:13:55 (5423 turns).

Darius099 the Cleaver (Minotaur Fighter)            Turns: 5423, Time: 00:13:56

Health: -5/66      AC:  8    Str: 24    XL:     8   Next: 84%
Magic:  7/7        EV:  9    Int:  5    God:
Gold:   172        SH:  4    Dex:  9    Spells: 7/7 levels left

rFire   . . .        a - +0 war axe
rCold   . . .        c - +0 buckler
rNeg    . . .        b - +0 scale mail
rPois   .            (helmet restricted)
rElec   .            (no cloak)
rCorr   .            n - +0 pair of gloves
SInv    .            (no boots)
Will    .....        (no amulet) Stlth
                     v - +4 ring of protection
HPRegen 0.31/turn    (no ring)
MPRegen 0.10/turn

%: no passive effects
@: corroded
A: horns 2, retaliatory headbutt
a: no special abilities


You were on level 7 of the Dungeon.
You visited 1 branch of the dungeon, and saw 7 of its levels.

You collected 172 gold pieces.

Inventory:

Hand Weapons
 a - a +0 war axe (weapon)
Missiles
 p - 3 curare-tipped darts (quivered)
Armour
 b - a +0 scale mail (worn)
 c - a +0 buckler (worn)
 n - a +0 pair of gloves (worn)
Jewellery
 v - a +4 ring of protection (left hand)
Wands
 y - a wand of mindburst (4)
 z - a wand of light (7)
Scrolls
 e - a scroll of enchant armour {unknown}
 f - a scroll of summoning {unknown}
 h - 3 scrolls of teleportation {unknown}
 i - 4 scrolls of identify {unknown}
 k - 2 scrolls of fog {unknown}
 m - a scroll of vulnerability {unknown}
 o - a scroll of brand weapon {unknown}
 r - 2 scrolls of revelation {unknown}
 t - 3 scrolls of blinking {unknown}
 u - a scroll of amnesia {unknown}
Potions
 d - a potion of might
 g - 4 potions of curing {unknown}
 j - a potion of cancellation {unknown}
 l - a potion of enlightenment {unknown}
 q - a potion of heal wounds {unknown}
 s - 2 potions of mutation {unknown}
 w - a potion of berserk rage {unknown}
 x - a potion of degeneration {unknown}


   Skills:
 - Level 3.9 Fighting
 + Level 13.4 Axes
 - Level 3.9 Armour
 - Level 4.0 Shields


You had 7 spell levels left.
You didn't know any spells.
Your spell library was empty.

Dungeon Overview and Level Annotations

Branches:
Dungeon (7/15)
 Temple: D:4-7

Altars:
Dithmenos
Hepliaklqana
Kikubaaqudgha
Makhleb
Nemelex Xobeh
Uskayaw
The Shining One

Shops:
D:3 [   D:4 **


Innate Abilities, Weirdness & Mutations

You have a pair of horns on your head.
You reflexively headbutt those who attack you in melee.


Message History

Unknown command.
You are too injured to fight recklessly!
You are too injured to fight recklessly!
You are too injured to fight recklessly!
You slash the killer bee!
You kill the killer bee!
You slash the jelly!
You kill the jelly!
You feel very sick.
An orc comes into view. It is wielding a +0 short sword.
Unknown command.
You feel very sick.
The orc shouts!
You hear a shout! x2; You hear an angry buzzing noise.
You feel sick.
You feel sick.
You feel sick.
A killer bee comes into view.
You feel sick.
You feel sick.
You feel sick.
You feel sick.
You feel sick.
You are no longer poisoned.
The killer bee stings you.
* * * LOW HITPOINT WARNING * * *
An orc comes into view. It is wielding a +0 flail.
The killer bee stings you but does no damage.
You barely miss the killer bee.
The orc shouts!
The killer bee stings you.
* * * LOW HITPOINT WARNING * * *
You closely miss the killer bee.
The killer bee stings you but does no damage.
The killer bee stings you!
* * * LOW HITPOINT WARNING * * *
You hit the killer bee but do no damage.
The killer bee stings you.
* * * LOW HITPOINT WARNING * * *
The killer bee stings you.
You die...

###### #....# ###
#....# #.##############
#....# #...............
#....###.##############
#......#.# #....o.#.#
#....#@#.#######
#....#y#.......#
#...o#>........#
#.......#......#
#.............##
#....#........#
#....#....y...#
#....#.......##
#....#.#####.#


You could see a killer bee and an orc.

Vanquished Creatures
  Sigmund (D:3)
  A steam dragon (D:6)
  Duvessa (D:4)
  A sky beast (D:7)
  A black bear (D:5)
  An ogre (D:5)
  A centaur (D:5)
  A bullfrog (D:6)
  A scorpion (D:4)
  Dowan (D:4)
  5 killer bees (D:7)
  A howler monkey (D:4)
  2 jellies
  An orc priest (D:5)
  5 hounds
  An iguana (D:7)
  5 orc wizards
  Robin (D:3)
  3 gnolls (D:6)
  9 adders
  An ufetubus (D:5)
  2 worms
  2 dart slugs
  13 orcs
  8 ball pythons
  5 bats
  6 endoplasms
  2 giant cockroaches (D:2)
  11 goblins
  8 hobgoblins
  5 jackals (D:4)
  2 kobolds
  7 quokkas
  3 frilled lizards
  7 rats
125 creatures vanquished.

Vanquished Creatures (others)
  An orc wizard (D:5)
1 creature vanquished.

Grand Total: 126 creatures vanquished

Notes
Turn   | Place    | Note
-------+----------+-------------------------------------------
     0 | D:1      | Darius099 the Minotaur Fighter began the quest for the Orb.
     0 | D:1      | Reached XP level 1. HP: 19/19 MP: 0/0
   116 | D:1      | Reached XP level 2. HP: 21/27 MP: 1/1
   539 | D:2      | Reached skill level 3 in Axes
   569 | D:2      | Reached XP level 3. HP: 33/33 MP: 2/2
   694 | D:2      | Reached skill level 4 in Axes
  1247 | D:3      | Noticed Sigmund
  1257 | D:3      | Killed Sigmund
  1258 | D:3      | Reached skill level 6 in Axes
  1258 | D:3      | Reached XP level 4. HP: 40/40 MP: 3/3
  1258 | D:3      | Reached XP level 5. HP: 46/46 MP: 4/4
  1447 | D:3      | Noticed Robin
  1456 | D:3      | Killed Robin
  1458 | D:3      | Reached skill level 7 in Axes
  1494 | D:3      | Found a hazy altar of Hepliaklqana.
  1603 | D:3      | Found Odiuqah's Antique Armour Shop.
  2005 | D:4      | Reached XP level 6. HP: 50/52 MP: 5/5
  2073 | D:4      | Noticed Duvessa
  2073 | D:4      | Noticed Dowan
  2088 | D:4      | Killed Duvessa
  2089 | D:4      | Reached skill level 8 in Axes
  2094 | D:4      | Killed Dowan
  2526 | D:4      | Reached XP level 7. HP: 46/58 MP: 6/6
  2527 | D:4      | Reached skill level 9 in Axes
  2680 | D:4      | Found Moraf's General Store.
  2748 | D:4      | Found Hatec's Overcharged Wands.
  2788 | D:5      | Entered Level 5 of the Dungeon
  3002 | D:5      | Reached skill level 10 in Axes
  3044 | D:5      | Found an ancient bone altar of Kikubaaqudgha.
  3275 | D:5      | Found a glowing golden altar of the Shining One.
  3407 | D:5      | Reached skill level 11 in Axes
  3407 | D:5      | Reached XP level 8. HP: 15/66 MP: 7/7
  3756 | D:5      | Noticed a +0 dagger
  3756 | D:5      | Noticed a +0 hand axe
  3759 | D:5      | Found a hide-covered altar of Uskayaw.
  4258 | D:6      | Found a sparkling altar of Nemelex Xobeh.
  4306 | D:6      | Found a shadowy altar of Dithmenos.
  4571 | D:6      | Found a burning altar of Makhleb.
  4689 | D:6      | Reached skill level 12 in Axes
  5403 | D:7      | Reached skill level 13 in Axes
  5423 | D:7      | HP: 1/66 [killer bee (5)]
  5423 | D:7      | Slain by a killer bee

Illustrated notes

Levels and vault maps discovered:
D:1:      orjb1_clovarrival, layout_rooms
D:2:      layout_loops_ring
D:3:      layout_loops_cross, nicolae_hepliaklqana_hippocampus, serial_shops,
          shop, kennysheep_crisscross, columned_hall_lemuel, uniq_sigmund,
          uniq_robin
D:4:      minmay_diamond_boxcup, layout_loops_ring, serial_shops,
          kennysheep_mini_moat, nicolae_shop_overcharged_wands, uniq_duvessa
D:5:      layout_layer_cave, nicolae_kikubaaqudgha_miasma_corner,
          nicolae_tso_carved_into_rock, dancing_weapons_uskayaw
D:6:      layout_loops_corners, grunt_dithmenos_smoke,
          mainiacjoe_overflow_catwalk_spiral
D:7:      statuecave_lemuel, layout_basic, temple_green, serial_shops,
          nicolae_shop_statue_plus, hex_tiny, kennysheep_generic_room_15,
          uniq_jeremiah

Skill      XL: |  1  2  3  4  5  6  7  8 |
---------------+-------------------------+-----
Shields        | 4 |  4.0
Axes           | 3 6 7 8 11 13 | 13.4
Fighting       | |  3.9
Armour         | |  3.9

Action                     |  1- 3 |  4- 6 |  7- 9 || total
---------------------------+-------+-------+-------++-------
  Melee: War axe           |    72 |    79 |   179 ||   330
         Headbutt          |    10 |     7 |    22 ||    39
  Throw: Dart              |       |     3 |       ||     3
 Armour: Scale mail        |    39 |    49 |   139 ||   227
  Dodge: Dodged            |    31 |    41 |    78 ||   150
  Block: Buckler           |    12 |    16 |    33 ||    61

Table legend: (Time is in decaauts)
 A = Elapsed time spent in this place.
 B = Non-inter-level travel time spent in this place.
 C = Inter-level travel time spent in this place.
 D = Time resting spent in this place.
 E = Time spent auto-exploring this place.
 F = Levels seen in this place.
 G = Mean time per level.
                   A        B        C        D        E       F      G
               +--------+--------+--------+--------+--------+-----+--------+
         Total |   5469 |   5264 |    205 |    444 |   3257 |   7 |  781.3 |
       Dungeon |   5469 |   5264 |    205 |    444 |   3257 |   7 |  781.3 |
               +--------+--------+--------+--------+--------+-----+--------+

Top non-repeatable levels by time:
     D:5: 1458 daAuts
     D:6: 1015 daAuts
     D:4: 809 daAuts
     D:3: 802 daAuts
     D:2: 695 daAuts
     D:1: 534 daAuts
     D:7: 153 daAuts
